 Dungeon Crawl Stone Soup version 0.23-a0-612-gcb482e9 (webtiles) character file.

1218 Rollo the Gusty (level 8, 0/62 HPs)
             Began as a Centaur Air Elementalist on Dec 21, 2018.
             Was a Believer of Qazlal.
             Slain by a hornet (15 damage)
             ... on level 6 of the Dungeon.
             The game lasted 00:27:34 (7344 turns).

Rollo the Gusty (Centaur Air Elementalist)          Turns: 7344, Time: 00:27:35

Health: 0/62       AC:  5    Str: 12    XL:     8   Next: 22%
Magic:  3/13       EV:  9    Int: 15    God:    Qazlal [**....]
Gold:   224        SH:  2    Dex: 10    Spells: 10/14 levels left

rFire    . . .     SeeInvis .   D - +0 spear (venom)
rCold    . . .     Gourm    .   (no shield)
rNeg     . . .     Faith    .   s - +0 leather armour
rPois    .         Spirit   .   f - +0 helmet
rElec    .         Reflect  .   (no cloak)
rCorr    .         Harm     .   (no gloves)
MR       .....                  (no barding)
Stlth    +.........             (no amulet)
HPRegen  0.20/turn              (no ring)
MPRegen  0.13/turn              (no ring)

@: lethally poisoned (0 -> -6), very slightly contaminated, slowed
A: large, hooves 3, deformed body, speed 2, tough skin 3
a: Upheaval, Renounce Religion


You were on level 6 of the Dungeon.
You worshipped Qazlal.
Qazlal was pleased with you.
You were not hungry.

You visited 1 branch of the dungeon, and saw 6 of its levels.

You collected 224 gold pieces.

Inventory:

Hand Weapons
 e - a +0 dagger
 g - a +0 spear
 n - a +4 mace
 o - a +0 blowgun
 v - a +0 halberd
 x - a +2 hunting sling of velocity
 D - a +0 spear of venom (weapon)
Missiles
 i - 172 stones (quivered)
 p - 25 poisoned needles
 w - 3 tomahawks
Armour
 a - a +0 robe
 f - a +0 helmet (worn)
 s - a +0 leather armour (worn)
Jewellery
 E - an uncursed ring of poison resistance {unknown}
Wands
 b - a wand of random effects (18)
 z - a wand of iceblast (7)
Scrolls
 h - 2 scrolls of amnesia {unknown}
 j - a scroll of fear {unknown}
 l - 5 scrolls of identify {unknown}
 q - a scroll of enchant weapon {unknown}
 t - 2 scrolls of teleportation {unknown}
 u - 4 scrolls of remove curse {unknown}
 y - a scroll of immolation {unknown}
 F - a scroll of enchant armour {unknown}
Potions
 d - 2 potions of agility {unknown}
 k - a potion of brilliance {unknown}
 m - a potion of ambrosia {unknown}
 r - 2 potions of mutation {unknown}
 A - a potion of curing {unknown}
 C - 2 potions of heal wounds {unknown}
Comestibles
 c - 11 rations
 B - 3 chunks of flesh


   Skills:
 + Level 2.8 Fighting
 - Level 0.2 Maces & Flails
 + Level 2.7 Polearms
 - Level 0.1 Throwing
 + Level 2.6 Armour
 - Level 1.3 Dodging
 - Level 1.1 Stealth
 + Level 3.9 Spellcasting
 + Level 3.5 Conjurations
 + Level 5.1 Air Magic


You had 10 spell levels left.
You knew the following spells:

 Your Spells              Type           Power        Failure   Level  Hunger
a - Shock                 Conj/Air       ###.         4%          1    None
b - Static Discharge      Conj/Air       ###.....     12%         3    ###....

Your spell library contained the following spells:

 Spells                   Type           Power        Failure   Level  Hunger
 Magic Dart               Conj           ##..         5%          1    None
 Swiftness                Chrm/Air       ##......     12%         2    ##.....
 Mephitic Cloud           Conj/Pois/Air  ##......     22%         3    ###....
 Airstrike                Air            ###.......   28%         4    ####...
 Blink                    Tloc           N/A          34%         2    ##.....
 Call Imp                 Summ           #.......     34%         2    ##.....
 Slow                     Hex            #.......     34%         2    ##.....
 Conjure Flame            Conj/Fire      #.......     34%         3    ###....
 Lightning Bolt           Conj/Air       ###.......   73%         5    ######.


Dungeon Overview and Level Annotations

Branches:
Dungeon (6/15)
 Temple: D:4-7

Altars:
Cheibriados
Elyvilon
Kikubaaqudgha
Makhleb
Nemelex Xobeh
Okawaru
Qazlal
Trog
Vehumet


Innate Abilities, Weirdness & Mutations

You have hooves in place of feet.
Armour fits poorly on your strangely shaped body.
You cover ground very quickly.
You have extremely tough skin. (AC +3)


Message History

The hornet stings you!
You feel yourself slow down.
Casting: Static Discharge (safe; 12% risk of failure)
Confirm with . or Enter, or press ? or * to list all spells.
The hornet is struck by an arc of lightning.
The hornet is lightly wounded.
You are struck by an arc of lightning.
The lightning grounds out.
The hornet stings you!
You are poisoned.
You suddenly lose the ability to move!
The hornet stings you!
* * * LOW HITPOINT WARNING * * *
You feel as though you will be slow longer.
You can move again.
Casting: Static Discharge (safe; 12% risk of failure)
Confirm with . or Enter, or press ? or * to list all spells.
The hornet is struck by an arc of lightning.
The hornet is moderately wounded.
You are struck by an arc of lightning.
* * * LOW HITPOINT WARNING * * *
The lightning grounds out.
You feel sick. The hornet stings you!
You die...

.#.......y.......##
##...#..........#
#..y###......###
#...# ####.###
#...# ### #...####
#......####
#....y....#
#....ยง@...##
#..........#
#.........<##
##........).#
#..........#
#..........##
#...........#
#..##.......# #..
##....###


You could see a hornet.

Vanquished Creatures
  A sky beast (D:5)
  2 phantoms (D:4)
  An ogre (D:4)
  A centaur (D:5)
  2 bullfrogs
  A howler monkey (D:5)
  2 crimson imps
  A hound (D:4)
  A gnoll shaman (D:3)
  3 orc wizards
  Ijyb (D:4)
  Terence (D:2)
  2 iguanas (D:3)
  A worker ant (D:5)
  A worker ant zombie (D:5)
  8 gnolls
  7 adders
  A shadow imp (D:5)
  An adder zombie (D:6)
  3 dart slugs
  3 leopard geckos
  14 orcs
  7 bats
  2 giant cockroaches
  6 goblins
  9 hobgoblins
  15 jackals
  3 quokkas
  4 frilled lizards
  6 kobolds
  6 rats
116 creatures vanquished.

Notes
Turn   | Place    | Note
-------+----------+-------------------------------------------
     0 | D:1      | Rollo the Centaur Air Elementalist began the quest for the
                  | Orb.
     0 | D:1      | Reached XP level 1. HP: 14/14 MP: 3/3
   187 | D:1      | Reached skill level 3 in Air Magic
   349 | D:1      | You fall through a shaft!
   360 | D:1      | Reached XP level 2. HP: 20/20 MP: 2/4
   862 | D:1      | Reached skill level 1 in Conjurations
  1145 | D:1      | Reached XP level 3. HP: 26/26 MP: 4/6
  1169 | D:1      | Learned a level 3 spell: Static Discharge
  2028 | D:2      | Found a stormy altar of Qazlal.
  2043 | D:2      | Became a worshipper of Qazlal Stormbringer
  2068 | D:2      | Noticed Terence
  2116 | D:2      | Killed Terence
  2116 | D:2      | Reached XP level 4. HP: 25/33 MP: 0/7
  2271 | D:2      | You fall through a shaft for 2 floors!
  2272 | D:4      | Noticed a bullfrog
  2286 | D:3      | Killed a bullfrog
  2286 | D:3      | Reached skill level 4 in Air Magic
  2286 | D:3      | Reached XP level 5. HP: 6/39 MP: 1/8
  2591 | D:2      | Found a snail-covered altar of Cheibriados.
  3090 | D:3      | Reached skill level 1 in Fighting
  3366 | D:3      | Reached XP level 6. HP: 39/47 MP: 6/10
  3655 | D:3      | Reached * piety under Qazlal
  4292 | D:3      | Found a faded altar of an unknown god.
  4583 | D:4      | Reached skill level 1 in Armour
  4800 | D:4      | Noticed Ijyb
  4807 | D:4      | Killed Ijyb
  5020 | D:4      | Reached XP level 7. HP: 22/55 MP: 0/12
  5320 | D:4      | Found a sparkling altar of Nemelex Xobeh.
  5485 | D:4      | Found an ancient bone altar of Kikubaaqudgha.
  5485 | D:4      | Found a radiant altar of Vehumet.
  5487 | D:4      | Found a bloodstained altar of Trog.
  5487 | D:4      | Found a white marble altar of Elyvilon.
  5489 | D:4      | Found an iron altar of Okawaru.
  5489 | D:4      | Found a burning altar of Makhleb.
  5574 | D:4      | Reached skill level 1 in Polearms
  5674 | D:5      | Entered Level 5 of the Dungeon
  5827 | D:5      | Reached skill level 5 in Air Magic
  6483 | D:5      | Reached XP level 8. HP: 41/62 MP: 3/13
  7128 | D:6      | Reached ** piety under Qazlal
  7324 | D:6      | Noticed a hornet
  7343 | D:6      | Paralysed by a hornet for 1 turns
  7344 | D:6      | Slain by a hornet

Vault maps used:
D:1:      nzn_arrival_water_spiral
D:2:      cheibriados_altar_1, first_ration, grunt_qazlal_sundering,
          uniq_terence
D:3:      chequers_ecumenical_altar_lobes, kennysheep_generic_room_15
D:4:      kennysheep_mini, grunt_temple_overflow_open, kennysheep_pointless_box,
          uniq_ijyb
D:6:      nicolae_overflow_hidden_temple

Skill      XL: |  1  2  3  4  5  6  7 |
---------------+----------------------+-----
Air Magic      | 3 4 5 |  5.1
Conjurations   | 1 2 3 |  3.5
Spellcasting   | 2 3 |  3.9
Fighting       | 1 2 |  2.8
Armour         | 1 2 |  2.6
Polearms       | 2 |  2.7
Maces & Flails | |  0.2
Throwing       | |  0.1
Dodging        | |  1.3
Stealth        | |  1.1

Action                   |  1- 3 |  4- 6 |  7- 9 || total
-------------------------+-------+-------+-------++-------
Melee: Dagger            |     5 |       |       ||     5
       Unarmed           |     4 |       |       ||     4
       Kick              |     6 |    12 |    16 ||    34
       Spear             |    50 |       |   132 ||   182
       Mace              |       |   105 |     1 ||   106
Throw: Tomahawk          |       |     2 |       ||     2
 Cast: Shock             |    52 |    62 |    19 ||   133
       Static Discharge  |       |     4 |    13 ||    17
 Stab: Sleeping          |     1 |       |       ||     1
  Eat: Chunk             |     3 |     9 |     8 ||    20
Armor: Robe              |    26 |     5 |       ||    31
       Leather armour    |       |    42 |    38 ||    80
Dodge: Dodged            |    25 |    64 |    65 ||   154
Block: Other             |       |     3 |    12 ||    15

Table legend:
 A = Non-vault XP
 B = Vault XP
 C = Vault XP percentage of total XP
 D = Non-vault monster count
 E = Vault monster count
 F = Vault count percentage of total count
                 A         B        C        D         E       F
            +---------+---------+-------+---------+---------+-------
      Total |    1667 |      74 |   4.3 |     113 |       3 |   2.6
            +---------+---------+-------+---------+---------+-------
        D:1 |      50 |       0 |   0.0 |      22 |       0 |   0.0
        D:2 |      76 |      36 |  32.1 |      16 |       1 |   5.9
        D:3 |     330 |       2 |   0.6 |      27 |       1 |   3.6
        D:4 |     508 |      36 |   6.6 |      21 |       1 |   4.5
        D:5 |     631 |       0 |   0.0 |      23 |       0 |   0.0
        D:6 |      72 |       0 |   0.0 |       4 |       0 |   0.0
            +---------+---------+-------+---------+---------+-------
